AoeStats
← andonihc9

Arabia

510108999Analyzed
1v1 RM · 2d ago on Sep 29, 2026· 34m 29s· 2 players
Game mode
Random Map
Map size
Tiny (2 player)
Population
200
Speed
Normal
Resources
Standard
Victory
Conquest
Starting age
Dark Age
Ending age
Imperial Age
RankedLock teamsTeams togetherTeam positionsShared explorationLock speedFull tech treeHidden civsTurbo modeCheats
Victory
Defeat
🇲🇦 Inca · Morocco
867
+15
🇲🇽 Byzantines · Mexico
847
-29
andonihc9
9:50 Loom
13:19 Feudal Age
14:18 Man-at-Arms
19:39 Arson
26:35 Castle Age
25:03 Horse Collar
25:11 Double-Bit Axe
25:23 Fletching
27:04 Forging
26:38 Long Swordsman
26:41 Elite Skirmisher
28:34 Thumb Ring
34:15 Gambesons
34:36 Bodkin Arrow
Freeman
5:15 Loom
8:45 Feudal Age
9:44 Double-Bit Axe
16:13 Fletching
20:20 Castle Age
18:25 Scale Mail Armor
19:11 Gold Mining
20:02 Stone Mining
19:40 Champi Runner
23:15 Crossbowman
25:16 Forging
27:04 Chain Mail Armor
31:33 Gold Shaft Mining
Connection lost

Rejoining the realm…

Still unreachable

The connection could not be restored.

Session expired

The server has moved on; the page needs a fresh start.